 Dungeon Crawl Stone Soup version 0.31-a0-217-g58bb5d79cf (webtiles) character file.

Game seed: 16877042676927144508

402 qw the Shooter (level 6, -6/38 HPs)
             Began as a Gargoyle Hexslinger on July 2, 2023.
             Was an Initiate of Okawaru.
             Mangled by a gnoll
             ... wielding a +0 halberd
              (13 damage)
             ... on level 5 of the Dungeon.
             The game lasted 00:01:31 (4065 turns).

qw the Shooter (Gargoyle Hexslinger)                Turns: 4065, Time: 00:01:32

Health: -6/38      AC: 11    Str: 12    XL:     6   Next: 85%
Magic:  7/7        EV: 11    Int: 15    God:    Okawaru [......]
Gold:   254        SH:  0    Dex: 14    Spells: 6/7 levels left

rFire   + . .        Y - +1 sling
rCold   + . .        (no shield)
rNeg    + + .        c - +3 leather armour of Eternal Vigilance {rF+ rC+ Int+2}
rPois   inf          (no helmet)
rElec   +            (no cloak)
rCorr   .            (no gloves)
SInv    .            i - +0 pair of boots
Will    +....        j - amulet of faith
Stlth   +            m - ring of willpower
HPRegen 0.26/turn    d - ring of positive energy
MPRegen 0.10/turn

%: faith
@: no status effects
A: sickness immunity, AC +4, negative energy resistance 1, electricity
resistance, torment resistance 1, petrification resistance
a: Renounce Religion


You were on level 5 of the Dungeon.
You worshipped Okawaru.
Okawaru was noncommittal.
You visited 1 branch of the dungeon, and saw 5 of its levels.

You collected 254 gold pieces.


Innate Abilities, Weirdness & Mutations

You are immune to sickness and miasma.
Your stone body is resilient. (AC +4)
You are immune to poison.
You resist negative energy. (rN+)
You are resistant to electric shocks. (rElec)
You are resistant to unholy torment.
You are immune to petrification.


   Skills:
 + Level 3.8 Fighting
 - Level 6.0 Ranged Weapons
 - Level 1.0 Armour
 - Level 1.5 Dodging
 - Level 1.0 Spellcasting
 - Level 2.6 Hexes


You had 6 spell levels left.
You knew the following spells:

 Your Spells              Type           Power      Damage    Failure   Level
a - Slow                  Hex            32%        N/A       11%         1

Your spell library contained the following spells:

 Spells                   Type           Power      Damage    Failure   Level
 Inner Flame              Hex/Fire       4%         N/A       47%         3
 Portal Projectile        Hex/Tloc       8%         N/A       47%         3
 Cause Fear               Hex            4%         N/A       71%         4

Inventory:

Hand Weapons
 Y - a +1 sling (weapon)
Armour
 c - the +3 leather armour of Eternal Vigilance (worn) {rF+ rC+ Int+2}
   (You found it on level 2 of the Dungeon)

   Int:       It affects your intelligence (+2).
   rF:        It protects you from fire.
   rC:        It protects you from cold.
 i - a +0 pair of boots (worn)
Jewellery
 d - a ring of positive energy (right hand)
 j - an amulet of faith (around neck)
 l - a ring of fire
 m - a ring of willpower (left hand)
Potions
 a - a potion of resistance {unknown}
 b - a potion of attraction {unknown}
 e - a potion of curing
 f - a potion of lignification {unknown}
 g - a potion of berserk rage {unknown}
 h - a potion of cancellation
 k - a potion of haste {unknown}
 n - a potion of degeneration {unknown}
 o - a potion of enlightenment {unknown}
 p - a potion of mutation {unknown}

Dungeon Overview and Level Annotations

Branches:
Dungeon (5/15)
 Temple: D:4-7

Altars:
Ashenzari
Cheibriados
Gozag
Makhleb
Okawaru
Qazlal
Vehumet
Xom
Yredelemnul
Zin

Shops:
D:4 *


Message History

The gnoll is moderately wounded.
The gnoll hits you but does no damage.
You shoot a sling bullet. The sling bullet hits the gnoll.
The gnoll is almost dead.
The gnoll closely misses you.
You shoot a sling bullet. The sling bullet hits the gnoll.
You kill the gnoll!
Okawaru accepts your kill. The gnoll barely misses you.
The gnoll hits you from afar with a +0 halberd!
The gnoll hits you with a +0 club.
You shoot a sling bullet. The sling bullet hits the gnoll.
You kill the gnoll!
Okawaru accepts your kill. The gnoll misses you.
You shoot a sling bullet. The sling bullet hits the gnoll.
The gnoll is heavily wounded.
The gnoll closely misses you.
You shoot a sling bullet.
The sling bullet hits the gnoll but does no damage.
The gnoll is heavily wounded.
The orc priest casts a cantrip, but nothing happens.
The gnoll hits you from afar with a +0 halberd!
You shoot a sling bullet. The sling bullet hits the gnoll.
The gnoll is heavily wounded.
The orc priest looks satisfied for a moment.
The gnoll closely misses you.
You shoot a sling bullet.
The sling bullet closely misses the gnoll.
The gnoll hits you from afar with a +0 halberd!
You shoot a sling bullet.
The sling bullet completely misses the orc priest.
The gnoll barely misses you.
The orc priest hits you with a +0 hand axe.
You shoot a sling bullet.
The sling bullet hits the orc priest but does no damage.
The gnoll closely misses you.
The orc priest hits you but does no damage. x2
The gnoll hits you from afar with a +0 halberd!
You die...

#.# ........ .. #.#
......# ....####.####
.....' .............
....#......###..####
...#......###.##
g.#...... #..# #o#....#
##.##
#@#....###..######
#.#....#.........#
##'#....#.........#
#.......#.........#
##.......#.........#
......................
.....######..##########
............##
.#######....# #####


You could see an orc priest and a gnoll.

Vanquished Creatures
  3 hounds
  An orc priest (D:3)
  3 sleepcaps
  Terence (D:2)
  3 gnolls (D:5)
  6 adders
  2 worms
  11 orcs
  5 ball pythons
  7 endoplasms
  2 giant cockroaches
  5 goblins
  5 hobgoblins
  3 jackals (D:1)
  3 kobolds
  9 quokkas
  5 bats
  3 frilled lizards
  6 rats
83 creatures vanquished.

Vanquished Creatures (others)
  3 orcs (D:3)
3 creatures vanquished.

Grand Total: 86 creatures vanquished

Notes
Turn   | Place    | Note
-------+----------+-------------------------------------------
     0 | D:1      | qw the Gargoyle Hexslinger began the quest for the Orb.
     0 | D:1      | Reached XP level 1. HP: 12/12 MP: 2/2
     0 | D:1      | 0 ||| qw: Version: 0.3-a-40-ge99b1a8
     0 | D:1      | 0 ||| qw: Game counter: 159
     0 | D:1      | 0 ||| qw: Melee chars always use a shield: true
     0 | D:1      | 0 ||| qw: God list: Okawaru
     0 | D:1      | 0 ||| qw: Allow faded altars: false
     0 | D:1      | 0 ||| qw: Do Orc after clearing Dungeon:15 true
     0 | D:1      | 0 ||| qw: Do second Lair branch before Depths: true
     0 | D:1      | 0 ||| qw: Lair rune preference: random
     0 | D:1      | 0 ||| qw: Goals: Normal
     0 | D:1      | 0 ||| PLANNING D:1-11
   168 | D:1      | Reached XP level 2. HP: 11/16 MP: 3/3
   406 | D:1      | Reached skill level 3 in Ranged Weapons
   622 | D:1      | 622 ||| UPGRADING to +0 ring mail.
   632 | D:1      | 632 ||| DROPPING +0 robe.
   633 | D:1      | 633 ||| DROPPING scroll of poison.
   662 | D:2      | 662 ||| STAIRDANCE
   735 | D:2      | Reached XP level 3. HP: 19/21 MP: 4/4
  1029 | D:2      | Identified the +5 hand axe of the Blushing Seeker {flame,
                  | Fragile Dex+7}
  1126 | D:2      | Found a faded altar of an unknown god.
  1131 | D:2      | Identified the +3 leather armour of Eternal Vigilance {rF+
                  | rC+ Int+2}
  1145 | D:2      | Noticed Terence
  1170 | D:2      | Killed Terence
  1171 | D:2      | Reached skill level 4 in Ranged Weapons
  1171 | D:2      | Reached XP level 4. HP: 15/26 MP: 5/5
  1625 | D:2      | 1625 ||| UPGRADING to +3 leather armour of Eternal
                  | Vigilance {rF+ rC+ Int+2}.
  1635 | D:2      | 1635 ||| DROPPING +0 ring mail.
  1636 | D:2      | 1636 ||| UPGRADING to +0 pair of boots.
  1641 | D:2      | 1641 ||| DROPPING +2 robe of fire resistance.
  1642 | D:2      | 1642 ||| UPGRADING to amulet of faith.
  1679 | D:3      | Found a glowing silver altar of Zin.
  1679 | D:3      | Noticed an angel
  1682 | D:3      | Found a shimmering altar of Xom.
  2211 | D:3      | Reached XP level 5. HP: 15/30 MP: 6/6
  2423 | D:3      | Found an opulent altar of Gozag.
  2426 | D:3      | Found a snail-covered altar of Cheibriados.
  2427 | D:3      | Found a stormy altar of Qazlal.
  2428 | D:3      | Found a basalt altar of Yredelemnul.
  2502 | D:3      | Found a burning altar of Makhleb.
  2502 | D:3      | Noticed an Executioner
  2564 | D:3      | 2564 ||| DROPPING amulet of magic regeneration.
  2565 | D:3      | 2565 ||| DROPPING ring of wizardry.
  2566 | D:3      | 2566 ||| UPGRADING to ring of willpower.
  2567 | D:3      | 2567 ||| READING 2 scrolls labelled JATETECW YLALL.
  2568 | D:3      | 2568 ||| READING 3 scrolls labelled GODIPSUONK.
  2569 | D:3      | 2569 ||| READING scroll labelled DIHECU KYPHEWKA.
  2570 | D:3      | 2570 ||| DRINKING 2 cyan potions.
  2571 | D:3      | 2571 ||| DRINKING 2 sedimented yellow potions.
  2572 | D:3      | 2572 ||| DRINKING 2 coppery potions.
  2573 | D:3      | 2573 ||| DROPPING scroll of fear.
  2574 | D:3      | 2574 ||| DROPPING potion of brilliance.
  2575 | D:3      | 2575 ||| DROPPING 2 scrolls of blinking.
  2618 | D:4      | Reached skill level 5 in Ranged Weapons
  2907 | D:4      | 2907 ||| FLEEEEING.
  2908 | D:4      | 2908 ||| FLEEEEING.
  2909 | D:4      | 2909 ||| FLEEEEING.
  2910 | D:4      | 2910 ||| FLEEEEING.
  2911 | D:4      | 2911 ||| FLEEEEING.
  3067 | D:4      | Reached skill level 3 in Fighting
  3122 | D:4      | Reached XP level 6. HP: 29/37 MP: 7/7
  3238 | D:4      | Found Ucafrups's Gadget Gallery.
  3555 | D:4      | 3555 ||| UPGRADING to ring of positive energy.
  3556 | D:4      | 3556 ||| READING 2 scrolls labelled HETONA QOFIUMN.
  3557 | D:4      | 3557 ||| READING scroll labelled MALOSUSEIN.
  3558 | D:4      | 3558 ||| READING 2 scrolls labelled NERY OTOZAQUBU.
  3561 | D:4      | 3561 ||| DROPPING scroll of immolation.
  3611 | D:5      | Entered Level 5 of the Dungeon
  3621 | D:5      | Found an iron altar of Okawaru.
  3622 | D:5      | 3622 ||| PLANNING OKAWARU WORSHIP
  3628 | D:5      | Became a worshipper of Warmaster Okawaru
  3629 | D:5      | 3629 ||| PLANNING D:1-11
  3672 | D:5      | HP: 8/37 [orc priest/+0 hand axe (4)]
  3673 | D:5      | 3673 ||| READING scroll of teleportation.
  3675 | D:5      | Found a broken altar of Ashenzari.
  3676 | D:5      | Reached skill level 6 in Ranged Weapons
  3807 | D:5      | Reached skill level 1 in Armour
  3850 | D:5      | Found a radiant altar of Vehumet.
  3917 | D:5      | 3917 ||| STAIRDANCE
  4064 | D:5      | HP: 7/38 [orc priest/+0 hand axe (3)]
  4065 | D:5      | Mangled by a gnoll

Levels and vault maps discovered:
D:1:      nzn_arrival_settlement, layout_loops_ring, serial_bayou_crossing
D:2:      layout_loops_corners, basic_ecumenical_altar, uniq_terence
D:3:      layout_loops_corners, grunt_temple_overflow_order_and_chaos_1,
          minitemple, makhleb_altar_promises_db
D:4:      layout_basic, nicolae_overflow_hidden_temple, nicolae_shop_gadgets
D:5:      wander_river, layout_basic, okawaru_metal_pillars_3,
          nicolae_vehumet_radiance, mainiacjoe_overflow_cross_hatched,
          minmay_temple_entry_proselytizer, uniq_duvessa

Skill      XL: |  1  2  3  4  5  6 |
---------------+-------------------+-----
Ranged Weapons | 3 4 5 6 |  6.0
Fighting       | 2 3 |  3.8
Armour         | 1 |  1.0
Dodging        | |  1.5
Spellcasting   | |  1.0
Hexes          | |  2.6

Action                     |  1- 3 |  4- 6 || total
---------------------------+-------+-------++-------
   Fire: Sling             |   137 |   240 ||   377
    Use: Scroll            |       |     7 ||     7
         Potion            |       |     3 ||     3
 Armour: Robe              |     4 |       ||     4
         Ring mail         |    49 |     3 ||    52
         Leather armour    |       |    59 ||    59
  Dodge: Dodged            |    56 |    97 ||   153

Table legend:
 A = Non-vault XP
 B = Vault XP
 C = Vault XP percentage of total XP
 D = Non-vault monster count
 E = Vault monster count
 F = Vault count percentage of total count
                 A         B        C        D         E       F
            +---------+---------+-------+---------+---------+-------
      Total |     539 |      36 |   6.3 |      82 |       1 |   1.2
            +---------+---------+-------+---------+---------+-------
        D:1 |      28 |       0 |   0.0 |      16 |       0 |   0.0
        D:2 |      51 |      36 |  41.4 |      22 |       1 |   4.3
        D:3 |      90 |       0 |   0.0 |      14 |       0 |   0.0
        D:4 |     185 |       0 |   0.0 |      21 |       0 |   0.0
        D:5 |     185 |       0 |   0.0 |       9 |       0 |   0.0
            +---------+---------+-------+---------+---------+-------
